 Dungeon Sprint DCSS version 0.19.1 (webtiles) character file.

4300000 Groucho the Axe Maniac (level 24, -2/249 HPs)
             Began as a Red Draconian Berserker on Dec 15, 2016.
             Was the Champion of Makhleb.
             Slain by The Servant
             ... wielding a +9 glaive of flaming
              (126 damage)
             ... in the Dungeon (Sprint VIII: "Arena of Blood").
             The game lasted 00:01:57 (43 turns).

Groucho the Axe Maniac (Red Draconian Berserker)      Turns: 43, Time: 00:01:58

Health: -2/249     AC: 12    Str: 21    XL:     24   Next: 81%
Magic:  22/54      EV: 35    Int:  8    God:    Makhleb [******]
Gold:   0          SH:  0    Dex: 21    Spells: 0 memorised, 77 levels left

rFire  + . .     SeeInvis .     i - +∞ Axe of Woe
rCold  . . .     Gourm    .     (armour unavailable)
rNeg   . . .     Faith    .     (shield currently unavailable)
rPois  .         Spirit   .     (helmet restricted)
rElec  .         Reflect  .     (no cloak)
rCorr  .         Harm     .     (no gloves)
MR     +....     NoTele   +     (no boots)
Stlth  +++++++++.               (no amulet)
                                (no ring)
                                (no ring)

@: no status effects
A: breathe fire, unfitting armour, fire resistance 1, cold-blooded, AC +12
a: Breathe Fire, Minor Destruction, Lesser Servant of Makhleb, Major
Destruction, Greater Servant of Makhleb, Renounce Religion


You were in the Dungeon.
You worshipped Makhleb.
Makhleb was exalted by your worship.
You were not hungry.

You visited 1 branch

Inventory:

Hand Weapons
 a - a +0 hand axe
 i - the +∞ Axe of Woe (weapon)
   (You found it in the Dungeon)
Scrolls
 h - a scroll of blinking
Potions
 c - a potion of curing
 d - a potion of heal wounds
 e - a potion of haste
 f - 2 potions of magic
 g - a potion of berserk rage
Comestibles
 b - a bread ration


   Skills:
 O Level 27 Fighting
 O Level 27 Axes
 O Level 27 Throwing
 O Level 27 Dodging
 O Level 27 Stealth
 O Level 27 Unarmed Combat
 O Level 27 Spellcasting
 O Level 27 Invocations


You had 77 spell levels left.
You didn't know any spells.

Dungeon Overview and Level Annotations

Branches:
Dungeon (1/1)

Altars:
Makhleb

Annotations:
D The Servant


Innate Abilities, Weirdness & Mutations

You can breathe blasts of fire.
Your fiery red scales are hard. (AC +12)
You cannot fit into any form of body armour.
Your flesh is heat resistant. (rF+)
You are cold-blooded and may be slowed by cold attacks.


Message History

You feel better.
You slice the bag of meat!!
You slaughter the bag of meat joyfully.
You kill the bag of meat!
Makhleb accepts your kill.
You feel better.
You hit the bag of meat.
You cleave the bag of meat in twain.
You kill the bag of meat!
Makhleb accepts your kill.
You feel better.
You are engulfed in roaring flames.
You resist.
A corpse begins to drag itself along the ground!
Some corpses meld into agglomerations of writhing flesh!
Your green death hits the bag of meat!!
The bag of meat moves out of view.
The eight-headed meat hydra calls on the powers of darkness!
The eight-headed meat hydra convulses!
The bag of meat convulses! x3
The Servant convulses!
Your body is wracked with pain!
You hear a shout!
The large bag of meat is engulfed in roaring flames.
You hear a shout!
The Servant hits you from afar with a +9 glaive of flaming!!!!
Ouch! That really hurt!
You die...

.. .. .. ....D
#O ...# #z.
..o# . .###..
..o###..
.o...o###......
...oX.§x§@.....
#o§C§§# #2X@§X#
#.§§§§#
.....x§D.z..
......###.o....
.###.. ...###..
#.. ...# . #..
...# .. ....O


You could see The Servant, 2 eight-headed meat hydras, 2 sculptors of flesh, a
large bag of meat (inner flame), 3 large abominations, 2 meat berserkers, a
small abomination, 7 bags of meat, a crawling corpse and a friendly green death.

Vanquished Creatures
  3 vampire knights (D)
  14 ogres (D)
  22 orcs (D)
  A large abomination (D)
  A stone giant (D)
  A deep troll (D)
  5 hill giants (D)
  A two-headed ogre (D)
  A black bear (D)
  A crawling corpse (D)
50 creatures vanquished.

Notes
Turn   | Place    | Note
-------+----------+-------------------------------------------
     0 | D        | Groucho the Draconian Berserker began the quest for the Orb.
     0 | D        | Reached XP level 1. HP: 19/19 MP: 1/1
     4 | D        | Fell from the grace of Trog
     4 | D        | Became a worshipper of Makhleb the Destroyer
     5 | D        | Noticed a bag of meat
     5 | D        | Noticed a bag of meat
     6 | D        | Noticed a meat berserker
     6 | D        | Noticed a bag of meat
     6 | D        | Noticed a bag of meat
     6 | D        | Noticed a bag of meat
     9 | D        | Noticed a bag of meat
     9 | D        | Killed a meat berserker
     9 | D        | Reached XP level 2. HP: 57/57 MP: 2/2
     9 | D        | Reached XP level 3. HP: 64/64 MP: 3/3
     9 | D        | Reached XP level 4. HP: 72/72 MP: 4/4
     9 | D        | Reached XP level 5. HP: 80/80 MP: 5/5
     9 | D        | Reached XP level 6. HP: 88/88 MP: 6/6
     9 | D        | Your scales start taking on a fiery red colour.
     9 | D        | Reached XP level 7. HP: 95/95 MP: 7/7
     9 | D        | Gained mutation: Your flesh is heat resistant. (rF+) [Red Draconian growth]
     9 | D        | Reached XP level 8. HP: 103/103 MP: 8/8
     9 | D        | Reached XP level 9. HP: 111/111 MP: 9/9
     9 | D        | Reached XP level 10. HP: 118/118 MP: 10/10
     9 | D        | Reached XP level 11. HP: 126/126 MP: 11/11
     9 | D        | Reached XP level 12. HP: 134/134 MP: 12/12
     9 | D        | Reached XP level 13. HP: 141/141 MP: 13/13
    10 | D        | Killed a bag of meat
    10 | D        | Reached * piety under Makhleb
    10 | D        | Killed a bag of meat
    10 | D        | Reached XP level 14. HP: 155/155 MP: 14/14
    10 | D        | Killed a bag of meat
    11 | D        | Noticed a meat berserker
    11 | D        | Noticed a meat berserker
    11 | D        | Killed a bag of meat
    11 | D        | Reached ** piety under Makhleb
    11 | D        | Reached XP level 15. HP: 166/166 MP: 15/15
    12 | D        | Killed a meat berserker
    13 | D        | Reached skill level 27 in Axes
    13 | D        | Reached XP level 16. HP: 180/180 MP: 16/16
    14 | D        | Killed a meat berserker
    14 | D        | Reached *** piety under Makhleb
    14 | D        | Reached skill level 27 in Fighting
    14 | D        | Reached skill level 27 in Dodging
    15 | D        | Reached XP level 17. HP: 191/191 MP: 16/31
    16 | D        | Noticed a meat berserker
    17 | D        | Noticed a meat berserker
    17 | D        | Reached **** piety under Makhleb
    17 | D        | Reached skill level 27 in Invocations
    18 | D        | Noticed a meat berserker
    18 | D        | Noticed a meat berserker
    18 | D        | Noticed a meat berserker
    19 | D        | Reached skill level 15 in Unarmed Combat
    20 | D        | Noticed a meat berserker
    20 | D        | Noticed a meat berserker
    20 | D        | Killed a meat berserker
    20 | D        | Reached XP level 18. HP: 200/200 MP: 17/35
    21 | D        | Killed a meat berserker
    21 | D        | Reached skill level 27 in Unarmed Combat
    21 | D        | Reached skill level 10 in Throwing
    21 | D        | Killed a meat berserker
    21 | D        | Reached XP level 19. HP: 207/207 MP: 17/36
    23 | D        | Noticed a large bag of meat
    23 | D        | Killed a meat berserker
    23 | D        | Reached ***** piety under Makhleb
    23 | D        | Killed a meat berserker
    23 | D        | Reached skill level 27 in Throwing
    23 | D        | Reached XP level 20. HP: 216/216 MP: 17/38
    24 | D        | Killed a meat berserker
    25 | D        | Killed a meat berserker
    26 | D        | Noticed a meat berserker
    26 | D        | Reached skill level 27 in Spellcasting
    27 | D        | Reached XP level 21. HP: 224/224 MP: 18/52
    29 | D        | Reached ****** piety under Makhleb
    29 | D        | Reached skill level 27 in Stealth
    30 | D        | Noticed a destroyer
    32 | D        | Reached XP level 22. HP: 233/233 MP: 19/53
    34 | D        | Noticed The Servant
    36 | D        | Noticed a destroyer
    38 | D        | Noticed a destroyer
    39 | D        | Killed a destroyer
    39 | D        | Reached XP level 23. HP: 240/240 MP: 21/54
    39 | D        | Killed a destroyer
    42 | D        | Reached XP level 24. HP: 249/249 MP: 22/54
    43 | D        | Killed a destroyer
    43 | D        | Slain by The Servant

Skill      XL: |  1  2  3  4  5  6  7  8  9 10 11 12 13 14 15 16 17 18 19 20 21 |
---------------+----------------------------------------------------------------+-----
Fighting       | 20 22 23 26 27 | 27.0
Axes           | 19 22 24 27 | 27.0
Dodging        | 17 20 22 25 27 | 27.0
Invocations    | 21 27 | 27.0
Unarmed Combat | 23 27 | 27.0
Throwing       | 20 27 | 27.0
Spellcasting   | 14 27 | 27.0
Stealth        | 18 27 | 27.0

Action                   |  1- 3 |  4- 6 |  7- 9 | 10-12 | 13-15 | 16-18 | 19-21 | 22-24 || total
-------------------------+-------+-------+-------+-------+-------+-------+-------+-------++-------
Melee: Executioner's axe |     1 |       |       |       |     4 |     6 |    10 |     9 ||    30
Invok: Greater Servant o |       |       |       |       |       |       |       |     2 ||     2
Dodge: Dodged            |       |       |       |       |       |     1 |       |     1 ||     2
